 Dungeon Crawl Stone Soup version 0.22.0-6-g71bd7aa6b3 (webtiles) character file.

101 Greed the Charmwright (level 4, -2/34 HPs)
             Began as a Vampire Skald on Aug 15, 2018.
             Killed from afar by an orc wizard (7 damage)
             ... with a magic dart
             ... on level 2 of the Dungeon.
             The game lasted 00:05:31 (1570 turns).

Greed the Charmwright (Vampire Skald)               Turns: 1570, Time: 00:05:31

Health: -2/34      AC:  4    Str: 10    XL:     4   Next: 48%
Magic:  7/7        EV: 12    Int: 15    God:
Gold:   41         SH:  0    Dex: 14    Spells: 6/7 levels left

rFire    . . .     SeeInvis +   a - +0 hand axe
rCold    + . .     Gourm    .   (no shield)
rNeg     + + .     Faith    .   b - +0 leather armour
rPois    +         Spirit   .   k - +0 helmet
rElec    .         Reflect  .   (no cloak)
rCorr    .         Harm     .   (no gloves)
MR       .....                  (no boots)
Stlth    ++........             (no amulet)
HPRegen  0.05/turn              (no ring)
MPRegen  0.10/turn              (no ring)

@: regenerating slowly
A: fangs 3, see invisible, unbreathing
a: Bat Form


You were on level 2 of the Dungeon.
You were thirsty.

You visited 1 branch of the dungeon, and saw 2 of its levels.

You collected 41 gold pieces.

Inventory:

Hand Weapons
 a - a +0 hand axe (weapon)
 m - a +2 long sword of holy wrath
Armour
 b - a +0 leather armour (worn)
 j - a +0 leather armour
 k - a +0 helmet (worn)
Scrolls
 e - 2 scrolls of teleportation {unknown}
 f - a scroll of amnesia {unknown}
 g - a scroll of magic mapping {unknown}
 h - 2 scrolls of identify {unknown}
 i - a scroll of fog {unknown}
 l - 2 scrolls of enchant weapon {unknown}
Potions
 c - a potion of heal wounds {unknown}
 d - 3 potions of blood


   Skills:
 + Level 2.4 Fighting
 + Level 3.2 Axes
 + Level 1.4 Armour
 + Level 2.5 Dodging
 + Level 0.1 Stealth
 + Level 2.0 Spellcasting
 + Level 3.5 Charms


You had 6 spell levels left.
You knew the following spells:

 Your Spells              Type           Power        Failure   Level  Hunger
a - Infusion              Chrm           ##..         7%          1    #......

Your spell library contained the following spells:

 Spells                   Type           Power        Failure   Level  Hunger
 Regeneration             Chrm/Necr      #.........   38%         3    ###....
 Shroud of Golubria       Chrm/Tloc      #.........   22%         2    ###....
 Song of Slaying          Chrm           ##......     11%         2    ###....
 Spectral Weapon          Hex/Chrm       #.......     38%         3    ###....


Dungeon Overview and Level Annotations

Branches:
Dungeon (2/15)

Altars:


Innate Abilities, Weirdness & Mutations

You heal slowly.
You have razor-sharp teeth.
You have supernaturally acute eyesight. (SInv)
You can survive without breathing.


Message History

You see here an uncursed hunting sling.
Robin closely misses you. Robin hits you but does no damage.
You hit Robin.
You kill Robin!
You hit the rat.
The rat is severely wounded.
The rat bites you but does no damage.
You hit the rat.
You kill the rat!
You hit the orc wizard but do no damage.
The orc wizard mumbles some strange words.
The orc wizard blinks!
The orc wizard casts a spell.
The orc wizard seems to speed up.
The orc wizard mumbles some strange words.
The orc wizard blinks!
The orc wizard points at you and mumbles some strange words.
The magic dart hits you!
You die...

##...#......#(##.##
#.###.oo...#.†....# #.#
#.(..#######..#
#.###)##.# #..#
######...###.# #..#
grg()..(((...# #..#
#######(###### #..#
..<...#(############..#
#)(o)o......@.....#
#.#.############.##
#.......# ##.######.#
#...###.# #.........#
#####.### #..########
......# #######..#
...#.## .........#
####.# ########.# #.#
########.#


You could see an orc wizard.

Vanquished Creatures
  A bullfrog skeleton (D:2)
  Robin (D:2)
  A worm (D:2)
  A dart slug (D:1)
  3 leopard geckos
  A giant cockroach (D:1)
  19 goblins
  4 hobgoblins
  2 jackals (D:1)
  8 kobolds
  2 ball pythons
  4 bats (D:1)
  7 frilled lizards
  3 rats
57 creatures vanquished.

Notes
Turn   | Place    | Note
-------+----------+-------------------------------------------
     0 | D:1      | Greed the Vampire Skald began the quest for the Orb.
     0 | D:1      | Reached XP level 1. HP: 16/16 MP: 3/3
    94 | D:1      | Reached XP level 2. HP: 4/22 MP: 5/5
   350 | D:1      | Reached skill level 1 in Armour
   902 | D:1      | Reached XP level 3. HP: 22/27 MP: 6/6
  1283 | D:2      | Reached XP level 4. HP: 19/33 MP: 7/7
  1508 | D:2      | Noticed Robin
  1558 | D:2      | Killed Robin
  1570 | D:2      | Killed from afar by an orc wizard

Skill      XL: |  1  2  3 |
---------------+----------+-----
Fighting       | 2 |  2.4
Axes           | 2 3 |  3.2
Armour         | 1 |  1.4
Dodging        | |  2.5
Stealth        | |  0.1
Spellcasting   | |  2.0
Charms         | |  3.5

Action                   |  1- 3 |  4- 6 || total
-------------------------+-------+-------++-------
Melee: Hand axe          |   119 |    47 ||   166
       Bite              |     6 |     5 ||    11
  Use: Potion            |     2 |       ||     2
Armor: Leather armour    |    48 |    17 ||    65
Dodge: Dodged            |   105 |    32 ||   137
